AoeStats
← Alexander781987

Arabia

509783367Analyzed
1v1 RM · 3d ago on Sep 28, 2026· 40m 20s· 2 players
Game mode
Random Map
Map size
Tiny (2 player)
Population
200
Speed
Normal
Resources
Standard
Victory
Conquest
Starting age
Dark Age
Ending age
Imperial Age
RankedLock teamsTeams togetherTeam positionsShared explorationLock speedFull tech treeHidden civsTurbo modeCheats
Victory
Defeat
🇺🇸 Celts · United States
813
+15
🇺🇸 Saxons · United States
799
-15
[pp] yeep woop :3
11:44 Feudal Age
13:33 Loom
16:49 Double-Bit Axe
16:56 Gold Mining
18:39 Horse Collar
26:11 Bloodlines
30:53 Castle Age
28:46 Fletching
29:08 Padded Archer Armor
31:56 Husbandry
31:55 Bodkin Arrow
32:44 Thumb Ring
35:26 Ballistics
36:47 Leather Archer Armor
Alexander781987
6:55 Loom
9:45 Feudal Age
11:31 Man-at-Arms
18:22 Fletching
18:33 Scale Mail Armor
18:45 Forging
20:43 Arson
23:02 Castle Age
20:58 Gold Mining
20:52 Horse Collar
24:54 Chain Mail Armor
25:17 Iron Casting
24:40 Elite Skirmisher
24:45 Pikeman
25:28 Bodkin Arrow
25:35 Padded Archer Armor
25:33 Double-Bit Axe
29:11 Bow Saw
29:49 Gold Shaft Mining
31:44 Wheelbarrow
34:11 Long Swordsman
34:37 Gambesons
Connection lost

Rejoining the realm…

Still unreachable

The connection could not be restored.

Session expired

The server has moved on; the page needs a fresh start.